 Dungeon Crawl Stone Soup version 0.30-a0-949-g53dc5368d7 (webtiles) character file.

Game seed: 9995302594394713899

46589 ytrimaz the Severer (level 14, -8/98 (104) HPs)
             Began as a Formicid Fighter on Mar 27, 2023.
             Was a High Priest of Okawaru.
             Mangled by a fire elemental (9 damage)
             ... summoned by a deep elf pyromancer
             ... on level 13 of the Dungeon.
             The game lasted 00:26:14 (16631 turns).

ytrimaz the Severer (Formicid Fighter)             Turns: 16631, Time: 00:26:15

HP:   -8/98 (104)   AC: 16    Str: 32    XL:     14   Next: 77%
MP:   0/19          EV: 14    Int:  9    God:    Okawaru [*****.]
Gold: 965           SH:  0    Dex: 13    Spells: 13/13 levels left

rFire   . . .      SeeInvis +    h - +3 giant club "Skullcrusher" {speed, Str+7}
rCold   . . .      Faith    .    (shield currently unavailable)
rNeg    . . .      Spirit   +    E - +4 chain mail {rPois}
rPois   +          Reflect  .    (helmet unavailable)
rElec   .          Rampage  .    (no cloak)
rCorr   +                        (no gloves)
Will    ++...                    (no boots) Stlth
                                 i - amulet of guardian spirit
HPRegen 0.36/turn                s - ring "Imauman" {Will+ EV+5}
MPRegen 0.16/turn                G - ring of resist corrosion

@: confused, ambrosia-drunk, drained
A: permanent stasis, dig shafts and tunnels, antennae 3, four strong arms
a: Dig, Shaft Self, Renounce Religion, Heroism, Finesse, Duel


You were on level 13 of the Dungeon.
You worshipped Okawaru.
Okawaru was extremely pleased with you.
You visited 3 branches of the dungeon, and saw 16 of its levels.
You also visited: Ossuary and Bailey.

You collected 1549 gold pieces.
You spent 584 gold pieces at shops.


Innate Abilities, Weirdness & Mutations

You cannot be hasted, slowed, berserked, paralysed or teleported.
You can dig through walls and to a lower floor.
You have a pair of large antennae on your head. (SInv)
Your four strong arms can wield two-handed weapons with a shield.


   Skills:
 - Level 7.9 Fighting
 - Level 16.0(16.3) Axes
 * Level 5.3(11.7) Maces & Flails
 + Level 11.2 Armour
 - Level 15.7 Shields
 - Level 7.0 Invocations


You had 13 spell levels left.
You didn't know any spells.
Your spell library contained the following spells:

 Spells                   Type           Power      Damage    Failure   Level
 Beastly Appendage        Tmut           0%         N/A       80%         1
 Ensorcelled Hibernation  Hex/Ice        0%         N/A       91%         2
 Passwall                 Tmut/Erth      0%         N/A       91%         2
 Sublimation of Blood     Necr           0%         N/A       91%         2
 Wereblood                Tmut           0%         N/A       91%         2
 Dazzling Flash           Conj/Hex       0%         N/A       99%         3
 Inner Flame              Hex/Fire       0%         N/A       99%         3
 Ozocubu's Armour         Ice            0%         N/A       99%         3
 Spider Form              Tmut/Pois      0%         N/A       99%         3
 Cause Fear               Hex            0%         N/A       100%        4
 Agony                    Necr           0%         N/A       100%        5
 Alistair's Intoxication  Tmut/Pois      0%         N/A       100%        5
 Borgnjor's Vile Clutch   Necr/Erth      0%         N/A       100%        5
 Metabolic Englaciation   Hex/Ice        0%         N/A       100%        5
 Silence                  Hex/Air        0%         N/A       100%        5
 Eringya's Noxious Bog    Tmut/Pois      0%         N/A       100%        6
 Discord                  Hex            0%         N/A       100%        8
 Swiftness                Air            Unusable   N/A       N/A         3
 Simulacrum               Ice/Necr       Unusable   N/A       N/A         6
 Summon Hydra             Summ           Unusable   N/A       N/A         7

Inventory:

Hand Weapons
 h - the +3 giant club "Skullcrusher" (weapon) {speed, Str+7}
   (Okawaru gifted it to you on level 2 of the Orcish Mines)

   Str:       It affects your strength (+7).
Armour
 b - a +1 scale mail
 c - a +0 buckler
 m - a +0 plate armour
   (You took it off an orc warrior on level 10 of the Dungeon)
 x - +0 acid dragon scales
   (You found it on level 8 of the Dungeon)
 A - a +2 tower shield
   (You bought it in a shop on level 4 of the Dungeon)
 E - a +4 chain mail of poison resistance (worn)
   (You bought it in a shop on level 4 of the Dungeon)
Jewellery
 g - a ring of fire
   (You found it on level 1 of the Dungeon)
 i - an amulet of guardian spirit (around neck)
   (You found it on level 4 of the Dungeon)
 s - the ring "Imauman" (left hand) {Will+ EV+5}
   (You found it on level 5 of the Dungeon)

   [ring of evasion]

   EV:        It affects your evasion (+5).
   Will:      It increases your willpower.
 B - a ring of ice
   (You found it in a bailey)
 F - a ring of magical power
   (You found it on level 12 of the Dungeon)
 G - a ring of resist corrosion (right hand)
   (You found it on level 9 of the Dungeon)
Wands
 d - a wand of iceblast (12)
   (You found it on level 7 of the Dungeon)
 f - a wand of digging (4)
   (You found it on level 6 of the Dungeon)
 n - a wand of flame (26)
   (You found it on level 4 of the Dungeon)
 o - a wand of mindburst (22)
   (You found it on level 5 of the Dungeon)
 u - a wand of polymorph (6)
   (You found it on level 5 of the Dungeon)
 v - a wand of paralysis (5)
   (You found it on level 12 of the Dungeon)
Scrolls
 p - 4 scrolls of magic mapping
 w - a scroll of fog
 y - 3 scrolls of enchant armour
 z - a scroll of brand weapon
 C - a scroll of noise
 D - a scroll of enchant weapon
Potions
 a - a potion of berserk rage {unknown}
 e - 2 potions of brilliance
 j - 5 potions of flight
 k - 4 potions of mutation
 q - 6 potions of curing
 r - 3 potions of magic
 t - a potion of attraction
 I - 2 potions of lignification
 K - a potion of cancellation

Dungeon Overview and Level Annotations

Branches:
Dungeon (13/15) Zot: 26964  Temple (1/1) D:5 Zot: 5811    Lair (0/5) D:8
    Orc (2/2) D:11 Zot: 9150     Elf (0/3) Orc:2       Ossuary (visited)
 Bailey (visited)
 Vaults: D:13-14

Altars:
Ashenzari
Cheibriados
Dithmenos
Elyvilon
Fedhas
Gozag
Hepliaklqana
Kikubaaqudgha
Makhleb
Nemelex Xobeh
Okawaru
Qazlal
Ru
Sif Muna
Trog
Uskayaw
Vehumet
Wu Jian
Xom
Yredelemnul
Zin
The Shining One

Shops:
D:4 (=[   Orc:1 :   Orc:2 *:!(

Portals:
Pandemonium: Orc:2

Annotations:
D:6 3 runed translucent doors, dufus's ghost, novice GnMo
D:7 3 runed translucent doors, exclusion: statue, Demosthentine's ghost, novice DsGl

.. !####
#.#+##...#
#... ....#
... #...#
#$. #...#
#.. #..E###
#.. #.○{#@#
#.)##☼##E##
#.☼.☼e○###
#...○..#
##.....#
#.....# {
#..####
#....
..○...


You could see a fire elemental (summoned).


Message History

The deep elf pyromancer casts a spell.
Okay, then.
The fire elemental barely misses you.
Things that are here:
a +0 dagger; a +0 robe You barely miss the fire elemental.
The fire elemental hits you. The fire elemental burns you!
* * * LOW HITPOINT WARNING * * *
😨 HP[-9] MP[-2]
You take 9 damage, and now have 35/104 hp.
You lost 2 mp, and now have 8/19 mp.
You beat the fire elemental like a drum!!!
You destroy the fire elemental!
The fire elemental disappears in a puff of smoke!
The deep elf pyromancer points at you and mumbles some strange words.
The sticky flame hits you but does no damage.
You are covered in liquid flames!
Unknown command.
You closely miss the fire elemental.
You are covered in liquid flames!
* * * LOW HITPOINT WARNING * * *
The fire elemental hits you. The fire elemental burns you!
* * * LOW HITPOINT WARNING * * *
😨 HP[-6] MP[-1]
You take 6 damage, and now have 29/104 hp.
You lost 1 mp, and now have 7/19 mp.
Unknown command.
You hit the fire elemental but do no damage.
You are covered in liquid flames!
* * * LOW HITPOINT WARNING * * *
😱 HP[-3] MP[-1]
You take 3 damage, and now have 26/104 hp.
You lost 1 mp, and now have 6/19 mp.
You closely miss the fire elemental.
You are covered in liquid flames!
The fire elemental closely misses you. 😨 HP[+1] MP[-1]
You lost 1 mp, and now have 5/19 mp.
Unknown command.
You extend your mandibles.
You dig through the rock wall.
You feel drained. The fire elemental barely misses you.
You now have 101 max hp (-3).
You dig through the rock wall.
You feel drained. 😨 HP[+1]
You now have 98 max hp (-3).
You retract your mandibles.
You closely miss the fire elemental. The fire elemental hits you.
The fire elemental burns you!
* * * LOW HITPOINT WARNING * * *
😨 HP[-3] MP[-1]
You take 3 damage, and now have 25/98 hp.
You lost 1 mp, and now have 4/19 mp.
You closely miss the fire elemental. The fire elemental hits you.
* * * LOW HITPOINT WARNING * * *
The fire elemental burns you!
* * * LOW HITPOINT WARNING * * *
😱 HP[-4]
You take 4 damage, and now have 21/98 hp.
You sock the fire elemental! The fire elemental hits you.
The fire elemental burns you!
* * * LOW HITPOINT WARNING * * *
😱 HP[-7]
You take 7 damage, and now have 14/98 hp.
You bludgeon the fire elemental!!
You destroy the fire elemental!
The fire elemental disappears in a puff of smoke! 😱 HP[+1]
You swing at nothing.
You barely miss the fire elemental. The fire elemental barely misses you.
You closely miss the fire elemental. The fire elemental hits you.
* * * LOW HITPOINT WARNING * * *
The fire elemental burns you!
* * * LOW HITPOINT WARNING * * *
😱 HP[-4] MP[-1]
You take 4 damage, and now have 11/98 hp.
You lost 1 mp, and now have 3/19 mp.
You barely miss the fire elemental. The fire elemental hits you.
The fire elemental burns you!
* * * LOW HITPOINT WARNING * * *
😱 HP[-6] MP[-2]
You take 6 damage, and now have 5/98 hp.
You lost 2 mp, and now have 1/19 mp.
You feel better. The fire elemental hits you. The fire elemental burns you!
* * * LOW HITPOINT WARNING * * *
😱 MP[-1]
You lost 1 mp, and now have 0/19 mp.
You are confused.
You feel invigorated. The fire elemental hits you.
The fire elemental burns you!
* * * LOW HITPOINT WARNING * * *
😱 HP[-1] MP[+2]
You take 1 damage, and now have 4/98 hp.
You regained 2 mp, and now have 2/19 mp.
Unknown command.
The fire elemental hits you. The fire elemental burns you!
* * * LOW HITPOINT WARNING * * *
The fire elemental hits you. The fire elemental burns you!
You die...

Skill      XL: |  1  2  3  4  5  6  7  8  9 10 11 12 13 14 |
---------------+-------------------------------------------+-----
Axes           | 3 4 6 8 10 11 14 16 | 16.0
Invocations    | 7 |  7.0
Fighting       | 5 7 |  7.9
Armour         | 5 7 9 11 | 11.2
Shields        | 11 14 15 | 15.7
Maces & Flails | 5 |  5.3

Action                     |  1- 3 |  4- 6 |  7- 9 | 10-12 | 13-15 || total
---------------------------+-------+-------+-------+-------+-------++-------
  Melee: War axe           |    67 |   111 |   216 |   399 |   459 ||  1252
         Hand axe          |       |     8 |       |       |       ||     8
         Giant club        |       |       |       |       |   146 ||   146
 Invoke: Heroism           |       |       |     1 |     4 |       ||     5
         Finesse           |       |       |       |     3 |     4 ||     7
         Duel              |       |       |       |       |     1 ||     1
Ability: Dig               |       |       |       |     2 |     2 ||     4
    Use: Scroll            |     1 |    10 |     6 |     4 |     1 ||    22
         Potion            |       |     2 |     1 |     7 |     9 ||    19
 Armour: Scale mail        |    36 |    56 |    55 |    23 |       ||   170
         Skin              |       |       |       |     6 |       ||     6
         Chain mail        |       |       |       |    68 |   136 ||   204
  Dodge: Dodged            |    28 |    61 |   114 |   185 |   188 ||   576
  Block: Buckler           |    19 |    38 |    35 |    94 |       ||   186
         Tower shield      |       |       |       |       |   327 ||   327

Levels and vault maps discovered:
D:1:      lightli_iron_boxes, layout_basic
D:2:      layout_rooms, uniq_robin
D:3:      layout_basic, lemuel_coloured_pillars_altar,
          nicolae_uskayaw_murder_on_the_dancefloor, minmay_bisected
D:4:      layout_loops_ring, makhleb_heckhound_becter,
          nzn_wu_jian_contemplation, serial_shops, shop, nicolae_shop_crystal,
          nicolae_shop_temple_entry_statues_fountains, uniq_edmund
D:5:      layout_loops_corners, temple_pool_b
D:6:      layout_layer_cave, mainiacjoe_overflow_boulevard,
          mainiacjoe_overflow_alcove_1, gammafunk_ghost_nasty_kobolds
D:7:      layout_basic, nicolae_qazlal_style_of_elements, vehumet_statue,
          gammafunk_ghost_split, enter_bailey_5, uniq_maggie,
          uniq_prince_ribbit1
D:8:      layout_basic, lemuel_tele_altar, kennysheep_mini_moat,
          lair_entry_dummy, nicolae_ossuary_entry_false_entrances,
          uniq_gastronok
D:9:      layout_gridville
D:10:     layout_irregular_city
D:11:     layout_irregular_city, hiddenorc1_lemuel, minmay_misc_feat_x
D:12:     layout_loops_corners
D:13:     layout_basic, david_vaults_4, okawaru_metal_pillars_3
Temple:   hellmonk_temple_flake
Orc:1:    layout_caves, serial_shops, nicolae_shop_advertising_works
          [nicolae_subvault_shop_adworks]
Orc:2:    pf_orc_diabolical, layout_caves, basic_altar

Notes
Turn   | Place    | Note
-------+----------+-------------------------------------------
     0 | D:1      | ytrimaz the Formicid Fighter began the quest for the Orb.
     0 | D:1      | Reached XP level 1. HP: 18/18 MP: 1/1
     0 | D:1      | magus.rc [v1.9.6]
    62 | D:1      | Reached XP level 2. HP: 17/24 MP: 2/2
   359 | D:1      | Reached skill level 3 in Axes
   552 | D:1      | Reached XP level 3. HP: 29/29 MP: 3/3
   974 | D:2      | Reached skill level 4 in Axes
   974 | D:2      | Reached XP level 4. HP: 16/35 MP: 4/4
  1115 | D:2      | You pick up a book of Hexes and begin reading...
  1115 | D:2      | You add the spells Inner Flame, Cause Fear and Discord to
                  | your library.
  1258 | D:2      | Noticed Robin
  1274 | D:2      | Reached XP level 5. HP: 16/41 MP: 5/5
  1274 | D:2      | Killed Robin
  1564 | D:3      | Reached skill level 5 in Axes
  1937 | D:3      | Found a hazy altar of Hepliaklqana.
  2071 | D:3      | Found a hide-covered altar of Uskayaw.
  2309 | D:4      | Found Tydevia's Armour Shoppe.
  2378 | D:4      | Found Muoqe's Antique Weapon Shoppe.
  2518 | D:4      | Found an ornate altar of the Wu Jian Council.
  2525 | D:4      | Noticed Edmund
  2541 | D:4      | HP: 1/41 [Edmund/+3 flail of holy wrath (11)]
  2548 | D:4      | Killed Edmund
  2549 | D:4      | Reached skill level 6 in Axes
  2549 | D:4      | Reached XP level 6. HP: 25/47 MP: 2/6
  2805 | D:4      | Noticed a sky beast
  2807 | D:4      | Killed a sky beast
  2849 | D:4      | Found a burning altar of Makhleb.
  2856 | D:4      | Reached XP level 7. HP: 48/52 MP: 5/7
  2894 | D:4      | Reached skill level 7 in Axes
  2941 | D:4      | Found Yploij's Jewellery Emporium.
  3284 | D:5      | Entered Level 5 of the Dungeon
  3452 | D:5      | Reached skill level 8 in Axes
  3719 | D:5      | Found a staircase to the Ecumenical Temple.
  3737 | D:5      | Reached XP level 8. HP: 40/58 MP: 4/8
  3836 | D:5      | Reached skill level 9 in Axes
  4040 | D:5      | Identified the ring "Imauman" {Will+ EV+5}
  4089 | Temple   | Entered the Ecumenical Temple
  4263 | Temple   | Became a worshipper of Warmaster Okawaru
  4623 | D:6      | Reached skill level 10 in Axes
  5050 | D:6      | You pick up a book of Blood and begin reading...
  5050 | D:6      | You add the spells Sublimation of Blood and Wereblood to
                  | your library.
  5080 | D:6      | Found a broken altar of Ashenzari.
  5176 | D:6      | Reached XP level 9. HP: 64/64 MP: 9/9
  5219 | D:6      | Found a runed translucent gate.
  5219 | D:6      | Found a runed translucent gate.
  5220 | D:6      | Found a runed translucent gate.
  5220 | D:6      | Noticed dufus's ghost (novice GnMo)
  5352 | D:6      | Reached * piety under Okawaru
  5598 | D:6      | Found an opulent altar of Gozag.
  5604 | D:6      | You pick up a book of Winter and begin reading...
  5604 | D:6      | You add the spells Ozocubu's Armour and Metabolic
                  | Englaciation to your library.
  6094 | D:7      | Found a runed translucent gate.
  6095 | D:7      | Found a runed translucent gate.
  6095 | D:7      | Noticed a troll
  6107 | D:7      | Found a runed translucent gate.
  6114 | D:7      | Found a radiant altar of Vehumet.
  6129 | D:7      | Reached skill level 11 in Axes
  6129 | D:7      | Reached skill level 1 in Invocations
  6187 | D:7      | Reached skill level 2 in Invocations
  6196 | D:7      | Noticed Prince Ribbit
  6205 | D:7      | Killed Prince Ribbit
  6206 | D:7      | Reached skill level 3 in Invocations
  6214 | D:7      | Reached skill level 4 in Invocations
  6392 | D:7      | Noticed Demosthentine's ghost (novice DsGl)
  6489 | D:7      | Reached ** piety under Okawaru
  6496 | D:7      | Noticed Maggie
  6513 | D:7      | Killed Maggie
  6514 | D:7      | Reached skill level 5 in Invocations
  6629 | D:7      | Found a stormy altar of Qazlal.
  6639 | D:7      | Reached skill level 6 in Invocations
  6669 | D:7      | Found a flagged portal.
  6690 | Bailey   | Entered a bailey
  6814 | Bailey   | Reached skill level 7 in Invocations
  6814 | Bailey   | Reached XP level 10. HP: 70/70 MP: 15/15
  6821 | Bailey   | Reached skill level 12 in Axes
  6834 | Bailey   | Reached *** piety under Okawaru
  6993 | Bailey   | Reached skill level 13 in Axes
  7114 | Bailey   | Noticed a vault guard
  7127 | Bailey   | Killed a vault guard
  7133 | Bailey   | Reached **** piety under Okawaru
  7322 | Bailey   | Noticed a vault guard
  7340 | Bailey   | Killed a vault guard
  7341 | Bailey   | Reached skill level 14 in Axes
  7341 | Bailey   | Reached XP level 11. HP: 73/75 MP: 8/16
  7879 | D:8      | Found a bloodstained altar of Trog.
  7912 | D:8      | Noticed Gastronok
  7956 | D:8      | Killed Gastronok
  7957 | D:8      | Reached skill level 15 in Axes
  8187 | D:8      | Found a basalt altar of Yredelemnul.
  8227 | D:8      | Found a staircase to the Lair.
  8241 | D:8      | Found a sand-covered staircase.
  8245 | Ossuary  | Entered an ossuary
  8434 | D:8      | Noticed a deep elf pyromancer
  8442 | D:8      | Killed a deep elf pyromancer
  8881 | D:4      | Bought a +2 tower shield for 214 gold pieces
  8881 | D:4      | Bought a +4 chain mail of poison resistance for 370 gold
                  | pieces
  9223 | D:9      | Reached ***** piety under Okawaru
  9236 | D:9      | Received a gift from Okawaru
  9237 | D:9      | Reached skill level 16 in Axes
  9371 | D:9      | Reached skill level 4 in Fighting
  9371 | D:9      | Reached skill level 4 in Armour
  9815 | D:10     | Entered Level 10 of the Dungeon
  9914 | D:10     | Reached skill level 5 in Fighting
  9914 | D:10     | Reached skill level 5 in Armour
 10160 | D:10     | Noticed a two-headed ogre
 10172 | D:10     | Killed a two-headed ogre
 10172 | D:10     | Received a gift from Okawaru
 10313 | D:10     | You pick up a book of Changes and begin reading...
 10313 | D:10     | You add the spells Beastly Appendage and Spider Form to
                  | your library.
 10334 | D:10     | Reached XP level 12. HP: 79/86 MP: 15/17
 10822 | D:11     | Reached skill level 6 in Fighting
 10822 | D:11     | Reached skill level 6 in Armour
 10884 | D:10     | Identified the +1 hand axe of Uncomfortable Rashes {drain,
                  | *Rage rElec rN+ Will+} (Okawaru gifted it to you on level
                  | 10 of the Dungeon)
 10884 | D:10     | Received a gift from Okawaru
 11010 | D:11     | Reached skill level 7 in Fighting
 11010 | D:11     | Reached skill level 7 in Armour
 11392 | D:11     | Noticed a two-headed ogre
 11402 | D:11     | Killed a two-headed ogre
 11698 | D:11     | Found a staircase to the Orcish Mines.
 11701 | D:11     | You pick up a book of Burglary and begin reading...
 11701 | D:11     | You add the spells Passwall and Ensorcelled Hibernation to
                  | your library.
 11817 | D:11     | You add the spells Alistair's Intoxication, Borgnjor's Vile
                  | Clutch and Eringya's Noxious Bog to your library.
 11995 | D:11     | Identified a potion of experience
 11996 | D:11     | Reached skill level 11 in Shields
 11996 | D:11     | Reached XP level 13. HP: 98/98 MP: 18/18
 12008 | Orc:1    | Entered Level 1 of the Orcish Mines
 12039 | Orc:1    | Reached skill level 8 in Armour
 12106 | Orc:1    | Noticed an orc warlord
 12158 | Orc:1    | Killed an orc warlord
 12159 | Orc:1    | Reached skill level 12 in Shields
 12443 | Orc:1    | Found Kyutach's Book Shop.
 12581 | Orc:2    | Entered Level 2 of the Orcish Mines
 12830 | Orc:2    | Found a staircase to the Elven Halls.
 12877 | Orc:2    | Reached skill level 13 in Shields
 13127 | Orc:2    | Reached skill level 9 in Armour
 13257 | Orc:2    | Found Syacione's Distillery.
 13287 | Orc:2    | Found Dacaap's General Store.
 13695 | Orc:2    | Reached skill level 14 in Shields
 13695 | Orc:2    | Reached XP level 14. HP: 95/104 MP: 19/19
 13727 | Orc:2    | HP: 25/104 [orc knight/+0 great mace (11)]
 13728 | Arena    | Entered the Arena
 13766 | Orc:2    | HP: 18/104 [orc knight/+0 great mace (9)]
 13777 | Orc:2    | HP: 10/104 [orc knight/+3 bardiche (16)]
 13782 | Orc:2    | HP: 10/104 [orc knight/+3 bardiche (4)]
 14292 | Orc:2    | Reached skill level 10 in Armour
 14292 | Orc:2    | Reached skill level 15 in Shields
 14691 | Orc:2    | Received a gift from Okawaru
 14691 | Orc:2    | Found the +3 giant club "Skullcrusher" {speed, Str+7}
 14692 | Orc:2    | Found Xeuvve's Antique Weapon Emporium.
 14692 | Orc:2    | Found Udielups's Book Shoppe.
 14692 | Orc:2    | Found a one-way gate leading to the halls of Pandemonium.
 15019 | D:12     | Reached skill level 1 in Maces & Flails
 15178 | D:12     | Reached skill level 2 in Maces & Flails
 15362 | D:12     | You pick up a book of the Senses and begin reading...
 15362 | D:12     | You add the spells Dazzling Flash, Agony and Silence to
                  | your library.
 15469 | D:12     | Reached skill level 3 in Maces & Flails
 15846 | D:12     | Reached skill level 4 in Maces & Flails
 15854 | D:12     | Reached skill level 11 in Armour
 16212 | D:12     | Reached skill level 5 in Maces & Flails
 16533 | D:10     | magus.rc [v1.9.6]
 16616 | D:13     | HP: 26/104 [burnt (3)]
 16622 | D:13     | HP: 24/98 [fire elemental[a deep elf pyromancer] (1)]
 16627 | D:13     | HP: 14/98 [fire elemental[a deep elf pyromancer] (1)]
 16628 | D:13     | HP: 5/98 [fire elemental[a deep elf pyromancer] (7)]
 16631 | D:13     | HP: 1/98 [fire elemental[a deep elf pyromancer] (7)]
 16631 | D:13     | Mangled by a fire elemental

Vanquished Creatures
  Gastronok (D:8)
  An orc warlord (Orc:1)
  2 vault guards (Bailey)
  2 demonspawn (Orc:2)
  3 two-headed ogres
  A tengu warrior (D:12)
  7 orc high priests
  A deep elf pyromancer (D:8)
  5 orc knights (Orc:2)
  2 cyclopes
  5 orc sorcerers (Orc:2)
  2 manticores
  An ugly thing (D:12)
  12 slime creatures (D:12)
  A smoke demon (Orc:2)
  Maggie (D:7)
  A tengu conjurer (D:12)
  2 red devils (Orc:2)
  A kobold demonologist (D:9)
  6 trolls
  A blink frog (Bailey)
  Prince Ribbit (D:7)
  A wyvern (D:9)
  A shadow (D:12)
  22 yaks
  5 humans (Bailey)
  5 wraiths
  5 vampire mosquitoes
  2 wargs (Orc:1)
  Edmund (D:4)
  2 acid dragons
  2 water moccasins (D:7)
  2 black bears
  33 orc warriors
  A sky beast (D:4)
  3 ice beasts
  5 ogres
  3 centaurs
  A phantom (D:5)
  2 kobold brigands
  14 bullfrogs
  A gnoll sergeant (D:9)
  3 scorpions
  4 wights (D:8)
  7 killer bees
  5 howler monkeys
  3 jellies (D:7)
  3 hounds
  17 orc priests
  2 sleepcaps
  12 orc wizards
  2 mummies (Ossuary)
  Robin (D:2)
  17 gnolls
  5 adders
  A white imp (D:6)
  An ufetubus (D:6)
  6 dart slugs
  63 orcs
  8 bats
  6 endoplasms
  3 giant cockroaches
  2 gnoll zombies (Ossuary)
  20 goblins
  11 hobgoblins
  5 jackals
  A quokka (D:3)
  3 ball pythons
  4 frilled lizards
  5 goblin zombies (Ossuary)
  3 hobgoblin zombies (Ossuary)
  11 kobolds
  4 orc zombies (Ossuary)
  2 rats
410 creatures vanquished.

Vanquished Creatures (others)
  2 orcs
  A fungus (D:6)
  A plant (D:6)
4 creatures vanquished.

Grand Total: 414 creatures vanquished

Table legend:
 A = Non-vault XP
 B = Vault XP
 C = Vault XP percentage of total XP
 D = Non-vault monster count
 E = Vault monster count
 F = Vault count percentage of total count
                 A         B        C        D         E       F
            +---------+---------+-------+---------+---------+-------
      Total |   29388 |   22248 |  43.1 |     269 |     141 |  34.4
            +---------+---------+-------+---------+---------+-------
        D:1 |      43 |       0 |   0.0 |      22 |       0 |   0.0
        D:2 |      76 |      37 |  32.7 |      15 |      12 |  44.4
        D:3 |      35 |       6 |  14.6 |      15 |       3 |  16.7
        D:4 |     284 |     196 |  40.8 |      12 |       2 |  14.3
        D:5 |     861 |       0 |   0.0 |      23 |       0 |   0.0
        D:6 |     629 |       0 |   0.0 |      13 |       0 |   0.0
        D:7 |     863 |     661 |  43.4 |      14 |       6 |  30.0
        D:8 |    1520 |    1481 |  49.4 |      14 |       1 |   6.7
        D:9 |    2284 |       0 |   0.0 |      21 |       0 |   0.0
       D:10 |    3581 |     136 |   3.7 |      22 |       2 |   8.3
       D:11 |    3920 |     120 |   3.0 |      14 |      15 |  51.7
       D:12 |    9163 |       0 |   0.0 |      30 |       0 |   0.0
       D:13 |     519 |       0 |   0.0 |       5 |       0 |   0.0
      Orc:1 |    3564 |       0 |   0.0 |      28 |       0 |   0.0
      Orc:2 |    2046 |   14606 |  87.7 |      21 |      55 |  72.4
    Ossuary |       0 |      51 | 100.0 |       0 |      16 | 100.0
     Bailey |       0 |    4159 | 100.0 |       0 |      28 | 100.0
      Arena |       0 |     795 | 100.0 |       0 |       1 | 100.0
            +---------+---------+-------+---------+---------+-------

Illustrated notes

Table legend:
 A = Kills in this place as a percentage of kills in the entire game.
 B = Kills by you in this place as a percentage of kills by you in the entire game.
 C = Kills by friends in this place as a percentage of kills by friends in the entire game.
 D = Other kills in this place as a percentage of other kills in the entire game.
 E = Experience gained in this place as a percentage of experience gained in the entire game.
 F = Experience gained in this place divided by the number of levels of this place that you have seen.
                   A       B       C       D       E      F
               +-------+-------+-------+-------+-------+----------------------
         Total | 100.0 | 100.0 |   N/A |   N/A | 100.0 | 2717.7
       Dungeon |  63.7 |  63.7 |   N/A |   N/A |  51.2 | 2031.9
  Orcish Mines |  25.4 |  25.4 |   N/A |   N/A |  39.2 | 10108.0
       Ossuary |   3.9 |   3.9 |   N/A |   N/A |   0.1 |  51.0
        Bailey |   6.8 |   6.8 |   N/A |   N/A |   8.1 | 4159.0
         Arena |   0.2 |   0.2 |   N/A |   N/A |   1.5 | 795.0
               +-------+-------+-------+-------+-------+----------------------

Table legend: (Time is in decaauts)
 A = Elapsed time spent in this place.
 B = Non-inter-level travel time spent in this place.
 C = Inter-level travel time spent in this place.
 D = Time resting spent in this place.
 E = Time spent auto-exploring this place.
 F = Levels seen in this place.
 G = Mean time per level.
                   A        B        C        D        E       F      G
               +--------+--------+--------+--------+--------+-----+--------+
         Total |  16461 |  15618 |    843 |   1040 |  11649 |  19 |  866.4 |
       Dungeon |  12550 |  11826 |    724 |    411 |   9448 |  13 |  965.4 |
        Temple |    188 |    159 |     29 |      0 |    142 |   1 |  188.0 |
  Orcish Mines |   2849 |   2759 |     90 |    407 |   1635 |   2 | 1424.5 |
       Ossuary |    125 |    125 |      0 |      0 |     73 |   1 |  125.0 |
        Bailey |    719 |    719 |      0 |    204 |    351 |   1 |  719.0 |
         Arena |     27 |     27 |      0 |     18 |      0 |   1 |   27.0 |
               +--------+--------+--------+--------+--------+-----+--------+

Top non-repeatable levels by time:
   Orc:2: 2083 daAuts
    D:12: 1506 daAuts
     D:6: 1488 daAuts
     D:5: 1263 daAuts
    D:11: 1165 daAuts
    D:10: 1056 daAuts
     D:4: 1039 daAuts
     D:1: 986 daAuts
     D:8: 929 daAuts
     D:7: 925 daAuts
     D:9: 795 daAuts
   Orc:1: 765 daAuts
     D:3: 764 daAuts
  Bailey: 719 daAuts
     D:2: 595 daAuts
